| TOP OF THE 1ST |
|
Ogden Spikes batting - Pitching for Great Falls Voyagers : RHP Julian Polanco
|
|
Pitching: RHP Julian Polanco
|
|
|
Batting: RHB Ken Jackson
|
0-0: Called Strike 0-1: Ball 1-1: Called Strike 1-2: Fly out, F7 (Flyball, 7, EV 90.0 MPH)
|
|
Batting: LHB Lenny Harris
|
0-0: Called Strike 0-1: Ground out 4-3 (Groundball, 4, EV 85.0 MPH)
|
|
Batting: LHB Everett Graham
|
0-0: Called Strike 0-1: Foul Ball, location: 2F 0-2: Ball 1-2: Ball 2-2: Ball 3-2: Foul Ball, location: 2F 3-2: Foul Ball, location: 2F 3-2: Ground out 5-3 (Groundball, 5S, EV 73.1 MPH)
|
| Top of the 1st over - 0 runs, 0 hits, 0 errors, 0 left on base; Ogden 0 - Great Falls 0 |
| BOTTOM OF THE 1ST |
|
Great Falls Voyagers batting - Pitching for Ogden Spikes : RHP Timothy Steverson
|
|
Pitching: RHP Timothy Steverson
|
|
|
Batting: LHB Jose Fernandez
|
0-0: SINGLE (Groundball, 56D, EV 103.1 MPH)
|
|
Batting: LHB Juan Villaescusa
|
0-0: Called Strike 0-1: Ball 1-1: Fielders Choice at 2nd, 4-6 (Groundball, 4, EV 103.8 MPH)
|
|
Batting: RHB Johnny Paredes
|
0-0: Ball 1-0: Called Strike 1-1: Ball 2-1: SINGLE (Groundball, 6M, EV 100.0 MPH) (infield hit) Juan Villaescusa to second
|
|
Batting: RHB Jose Gomez
|
0-0: Ball Juan Villaescusa steals 3rd base Johnny Paredes to second 1-0: Ball 2-0: Ball 3-0: Called Strike 3-1: Foul Ball, location: 2F 3-2: Ground out 4-3 (Groundball, 4, EV 90.6 MPH) Juan Villaescusa scores Johnny Paredes to third
|
|
Batting: SHB John Kanter
|
0-0: Ball 1-0: Ball 2-0: Ball 3-0: Base on Balls
|
|
Batting: LHB John Yari
|
0-0: Fly out, F4 (Line Drive, 4, EV 65.6 MPH)
|
| Bottom of the 1st over - 1 run, 2 hits, 0 errors, 2 left on base; Ogden 0 - Great Falls 1 |
| TOP OF THE 2ND |
|
Ogden Spikes batting - Pitching for Great Falls Voyagers : RHP Julian Polanco
|
|
Batting: LHB Roberto Casasnovas
|
0-0: Called Strike 0-1: Called Strike 0-2: Ball 1-2: Ball 2-2: Ball 3-2: Base on Balls
|
|
Batting: LHB Marvin Parker
|
0-0: Ball 1-0: Ball 2-0: Called Strike 2-1: Fielders Choice at 2nd, 3-6 (Groundball, 34S, EV 86.3 MPH)
|
|
Batting: RHB Jeffrey Smith
|
0-0: Ball Marvin Parker steals 2nd base 1-0: Ball 2-0: SINGLE (Line Drive, 8LS, EV 93.1 MPH) Marvin Parker to third Runner from 3rd tries for Home, SAFE, throw by CF to home
|
|
Batting: SHB Mark Lemke
|
0-0: Called Strike 0-1: SINGLE (Groundball, 4MD, EV 107.5 MPH) Jeffrey Smith to second Runner from 2nd tries for 3rd, SAFE, no throw by CF
|
|
Batting: RHB Joey Mackay
|
0-0: SINGLE (Line Drive, 56, EV 95.6 MPH) Jeffrey Smith scores Mark Lemke to second
|
|
Batting: RHB Terry Bell
|
0-0: SINGLE (Groundball, 6MD, EV 100.6 MPH) Mark Lemke to third Joey Mackay to second Runner from 3rd tries for Home, throw by CF and OUT! 8-2
|
|
Batting: RHB Ken Jackson
|
0-0: Ground out 3-1 (Groundball, 34S, EV 80.6 MPH)
|
| Top of the 2nd over - 2 runs, 4 hits, 0 errors, 2 left on base; Ogden 2 - Great Falls 1 |
| BOTTOM OF THE 2ND |
|
Great Falls Voyagers batting - Pitching for Ogden Spikes : RHP Timothy Steverson
|
|
Batting: RHB Guy Duhon
|
0-0: Called Strike 0-1: SINGLE (Flyball, 34D, EV 87.5 MPH)
|
|
Batting: RHB Paulino Garcia
|
0-0: Swinging Strike 0-1: Called Strike 0-2: Foul Ball, location: 2F 0-2: Ball 1-2: Strikes out looking
|
|
Batting: RHB Harvey Wilkerson
|
0-0: Ground out 5-3 (Groundball, 56, EV 98.8 MPH) Guy Duhon to second
|
|
Batting: LHB Jose Fernandez
|
0-0: DOUBLE (Line Drive, 7LD, EV 105.0 MPH) Guy Duhon scores
|
|
Batting: LHB Juan Villaescusa
|
0-0: Called Strike 0-1: Called Strike 0-2: Ground out 4-3 (Groundball, 4, EV 82.5 MPH)
|
| Bottom of the 2nd over - 1 run, 2 hits, 0 errors, 1 left on base; Ogden 2 - Great Falls 2 |
| TOP OF THE 3RD |
|
Ogden Spikes batting - Pitching for Great Falls Voyagers : RHP Julian Polanco
|
|
Batting: LHB Lenny Harris
|
0-0: Called Strike 0-1: Ball 1-1: Ball 2-1: Called Strike 2-2: Fly out, F7 (Flyball, 7D, EV 75.6 MPH)
|
|
Batting: LHB Everett Graham
|
0-0: Ball 1-0: Called Strike 1-1: Ground out U3 (Groundball, 3, EV 86.3 MPH)
|
|
Batting: LHB Roberto Casasnovas
|
0-0: Ball 1-0: DOUBLE (Flyball, 8LXD, EV 103.1 MPH)
|
|
Batting: LHB Marvin Parker
|
0-0: Ball 1-0: Foul Ball, location: 2F 1-1: Ball 2-1: SINGLE (Groundball, 34D, EV 95.0 MPH) Roberto Casasnovas to third Runner from 3rd tries for Home, SAFE, throw by RF to home
|
|
Batting: RHB Jeffrey Smith
|
0-0: Called Strike 0-1: Foul Ball, location: 2F 0-2: Ball 1-2: Foul Ball, location: 2F 1-2: Foul Ball, location: 2F 1-2: Ball Marvin Parker is caught stealing 2nd base 2-4
|
| Top of the 3rd over - 1 run, 2 hits, 0 errors, 0 left on base; Ogden 3 - Great Falls 2 |
| BOTTOM OF THE 3RD |
|
Great Falls Voyagers batting - Pitching for Ogden Spikes : RHP Timothy Steverson
|
|
Batting: RHB Johnny Paredes
|
0-0: Ground out 5-3 (Groundball, 56S, EV 70.6 MPH)
|
|
Batting: RHB Jose Gomez
|
0-0: Ball 1-0: Called Strike 1-1: Foul Ball, location: 2F 1-2: DOUBLE (Line Drive, 8LXD, EV 111.9 MPH)
|
|
Batting: SHB John Kanter
|
0-0: Ball 1-0: Foul Ball, location: 2F 1-1: Called Strike 1-2: Ball 2-2: 2-RUN HOME RUN (Flyball, 89XD, EV 88.1 MPH), Distance : 407 ft
|
|
Batting: LHB John Yari
|
0-0: Ball 1-0: Swinging Strike 1-1: Ground out 6-3 (Groundball, 6, EV 80.0 MPH)
|
|
Batting: RHB Guy Duhon
|
0-0: Foul Ball, location: 2F 0-1: Ball 1-1: Swinging Strike 1-2: Ball 2-2: SINGLE (Flyball, 8RS, EV 91.3 MPH)
|
|
Batting: RHB Paulino Garcia
|
0-0: Ball 1-0: Swinging Strike 1-1: Ball 2-1: Ball 3-1: Foul Ball, location: 2F 3-2: Ground out 5-3 (Groundball, 56, EV 100.0 MPH)
|
| Bottom of the 3rd over - 2 runs, 3 hits, 0 errors, 1 left on base; Ogden 3 - Great Falls 4 |
| TOP OF THE 4TH |
|
Ogden Spikes batting - Pitching for Great Falls Voyagers : RHP Julian Polanco
|
|
Batting: RHB Jeffrey Smith
|
0-0: Swinging Strike 0-1: Fly out, F8 (Flyball, 8LD, EV 91.3 MPH)
|
|
Batting: SHB Mark Lemke
|
0-0: Ball 1-0: Foul Ball, location: 2F 1-1: Fly out, F8 (Flyball, 8LD, EV 92.5 MPH)
|
|
Batting: RHB Joey Mackay
|
0-0: Foul Ball, location: 2F 0-1: Ball 1-1: Ball 2-1: Ball 3-1: SINGLE (Line Drive, 8RS, EV 106.9 MPH)
|
|
Batting: RHB Terry Bell
|
0-0: Called Strike 0-1: Ball 1-1: Called Strike 1-2: Fielders Choice at 2nd, 5-4 (Groundball, 56, EV 81.3 MPH)
|
| Top of the 4th over - 0 runs, 1 hit, 0 errors, 1 left on base; Ogden 3 - Great Falls 4 |
| BOTTOM OF THE 4TH |
|
Great Falls Voyagers batting - Pitching for Ogden Spikes : RHP Timothy Steverson
|
|
Batting: RHB Harvey Wilkerson
|
0-0: Fly out, F7 (Line Drive, 7, EV 95.0 MPH)
|
|
Batting: LHB Jose Fernandez
|
0-0: Ball 1-0: Ball 2-0: Ball 3-0: Called Strike 3-1: Called Strike 3-2: SINGLE (Line Drive, 5D, EV 96.3 MPH)
|
|
Batting: LHB Juan Villaescusa
|
0-0: Called Strike 0-1: Called Strike 0-2: Ball 1-2: Strikes out swinging
|
|
Batting: RHB Johnny Paredes
|
0-0: Ball 1-0: Called Strike 1-1: SINGLE (Flyball, 3D, EV 95.0 MPH) Jose Fernandez to second Runner from 2nd tries for 3rd, SAFE, throw by RF made to third
|
|
Batting: RHB Jose Gomez
|
0-0: Swinging Strike 0-1: Ball 1-1: Called Strike 1-2: Ball 2-2: Foul Ball, location: 2F 2-2: SINGLE (Groundball, 56D, EV 101.9 MPH) Jose Fernandez scores Johnny Paredes to second Runner from 2nd tries for 3rd, SAFE, no throw by LF
|
|
Batting: SHB John Kanter
|
0-0: Foul Ball, location: 2F 0-1: Ball 1-1: Foul Ball, location: 2F 1-2: Ball 2-2: Foul Ball, location: 2F 2-2: SINGLE (Flyball, 8RS, EV 86.3 MPH) Johnny Paredes scores Jose Gomez to second
|
|
Batting: LHB John Yari
|
0-0: Called Strike 0-1: Reached on error, E4 (Groundball, 4, EV 103.1 MPH) Jose Gomez scores John Kanter to third
|
|
Batting: RHB Guy Duhon
|
0-0: Called Strike 0-1: SINGLE (Line Drive, 89M, EV 111.3 MPH) John Kanter scores John Yari to third Runner from 3rd tries for Home, SAFE, throw by CF to home Guy Duhon to second
|
|
Pitching: RHP Douglas Barba
|
|
|
Batting: RHB Paulino Garcia
|
0-0: Called Strike 0-1: Ball 1-1: Fly out, F7 (Flyball, 7D, EV 90.6 MPH)
|
| Bottom of the 4th over - 5 runs, 5 hits, 1 error, 1 left on base; Ogden 3 - Great Falls 9 |
| TOP OF THE 5TH |
|
Ogden Spikes batting - Pitching for Great Falls Voyagers : RHP Julian Polanco
|
|
Batting: RHB Ken Jackson
|
0-0: Ball 1-0: Foul Ball, location: 2F 1-1: Ball 2-1: Ball 3-1: Base on Balls
|
|
Batting: LHB Lenny Harris
|
0-0: Ball 1-0: Ball 2-0: Called Strike 2-1: SINGLE (Groundball, 6S, EV 71.3 MPH) (infield hit) Ken Jackson to second
|
|
Batting: LHB Everett Graham
|
0-0: Fly out, F8 (Line Drive, 8LD, EV 95.0 MPH)
|
|
Batting: LHB Roberto Casasnovas
|
0-0: Swinging Strike 0-1: Ball 1-1: Ball 2-1: Swinging Strike 2-2: SINGLE (Flyball, 3D, EV 95.0 MPH) Ken Jackson to third Lenny Harris to second Runner from 3rd tries for Home, throw by RF and OUT! 9-2
|
|
Batting: LHB Marvin Parker
|
0-0: Ball 1-0: Foul Ball, location: 2F 1-1: Foul Ball, location: 2F 1-2: Foul Ball, location: 2F 1-2: Ball 2-2: Foul Ball, location: 2F 2-2: Ball 3-2: SINGLE (Line Drive, 78S, EV 104.4 MPH) Lenny Harris to third Roberto Casasnovas to second Lenny Harris scores Roberto Casasnovas to third
|
|
Batting: RHB Jeffrey Smith
|
0-0: Swinging Strike 0-1: Ball Marvin Parker steals 2nd base 1-1: 3-RUN HOME RUN (Flyball, 7D, EV 109.4 MPH), Distance : 375 ft
|
|
Pitching: RHP Donald Fenton
|
|
|
Batting: SHB Mark Lemke
|
0-0: Ball 1-0: Ball 2-0: Called Strike 2-1: Foul Ball, location: 2F 2-2: Ground out 4-3 (Groundball, 4, EV 86.9 MPH)
|
| Top of the 5th over - 4 runs, 4 hits, 0 errors, 0 left on base; Ogden 7 - Great Falls 9 |
| BOTTOM OF THE 5TH |
|
Great Falls Voyagers batting - Pitching for Ogden Spikes : RHP Douglas Barba
|
|
Batting: RHB Harvey Wilkerson
|
0-0: Fly out, F8 (Flyball, 8RXD, EV 94.4 MPH)
|
|
Batting: LHB Jose Fernandez
|
0-0: Ball 1-0: Called Strike 1-1: Swinging Strike 1-2: Ground out 6-3 (Groundball, 6M, EV 84.4 MPH)
|
|
Batting: LHB Juan Villaescusa
|
0-0: Called Strike 0-1: Foul Ball, location: 2F 0-2: DOUBLE (Groundball, 3L, EV 94.4 MPH)
|
|
Batting: RHB Johnny Paredes
|
0-0: Ball 1-0: Ball 2-0: Ball 3-0: Swinging Strike 3-1: Base on Balls
|
|
Batting: RHB Jose Gomez
|
0-0: Ground out 4-3 (Groundball, 4, EV 80.6 MPH)
|
| Bottom of the 5th over - 0 runs, 1 hit, 0 errors, 2 left on base; Ogden 7 - Great Falls 9 |
| TOP OF THE 6TH |
|
Ogden Spikes batting - Pitching for Great Falls Voyagers : RHP Donald Fenton
|
|
Batting: RHB Joey Mackay
|
0-0: Ball 1-0: Ground out 3-1 (Groundball, 34, EV 94.4 MPH)
|
|
Batting: RHB Terry Bell
|
0-0: Ball 1-0: Ball 2-0: Called Strike 2-1: Ball 3-1: Base on Balls
|
|
Batting: RHB Ken Jackson
|
0-0: Ball 1-0: Ball 2-0: Called Strike 2-1: Called Strike 2-2: Foul Ball, location: 2F 2-2: Fly out, F8 (Flyball, 8LD, EV 90.0 MPH)
|
|
Batting: LHB Lenny Harris
|
0-0: SINGLE (Line Drive, 9S, EV 100.0 MPH) Terry Bell to second Runner from 2nd tries for 3rd, SAFE, throw by RF made to third
|
|
Batting: LHB Everett Graham
|
0-0: Called Strike 0-1: Ball 1-1: Ball 2-1: Foul Ball, location: 2F 2-2: Fly out, F7 (Flyball, 78M, EV 91.9 MPH)
|
| Top of the 6th over - 0 runs, 1 hit, 0 errors, 2 left on base; Ogden 7 - Great Falls 9 |
| BOTTOM OF THE 6TH |
|
Great Falls Voyagers batting - Pitching for Ogden Spikes : RHP Douglas Barba
|
|
Batting: SHB John Kanter
|
0-0: Fly out, F7 (Flyball, 7, EV 87.5 MPH)
|
|
Batting: LHB John Yari
|
0-0: Ball 1-0: Ball 2-0: Ball 3-0: Called Strike 3-1: Ground out 6-3 (Groundball, 6M, EV 89.4 MPH)
|
|
Batting: RHB Guy Duhon
|
0-0: Called Strike 0-1: Ground out 6-3 (Groundball, 56, EV 102.5 MPH)
|
| Bottom of the 6th over - 0 runs, 0 hits, 0 errors, 0 left on base; Ogden 7 - Great Falls 9 |
| TOP OF THE 7TH |
|
Ogden Spikes batting - Pitching for Great Falls Voyagers : RHP Donald Fenton
|
|
Batting: LHB Roberto Casasnovas
|
0-0: Ball 1-0: Ball 2-0: Ground out 3-1 (Groundball, 34, EV 92.5 MPH)
|
|
Batting: LHB Marvin Parker
|
0-0: Ball 1-0: Called Strike 1-1: Fly out, F5 (Popup, 6S, EV 85.6 MPH)
|
|
Batting: RHB Jeffrey Smith
|
0-0: Called Strike 0-1: Fly out, F3 (Popup, 3SF, EV 64.4 MPH)
|
| Top of the 7th over - 0 runs, 0 hits, 0 errors, 0 left on base; Ogden 7 - Great Falls 9 |
| BOTTOM OF THE 7TH |
|
Great Falls Voyagers batting - Pitching for Ogden Spikes : RHP Douglas Barba
|
|
Batting: RHB Paulino Garcia
|
0-0: Ball 1-0: Called Strike 1-1: Foul Ball, location: 2F 1-2: Ball 2-2: Foul Ball, location: 2F 2-2: Foul Ball, location: 2F 2-2: Foul Ball, location: 2F 2-2: Foul Ball, location: 2F 2-2: Ball 3-2: Foul Ball, location: 2F 3-2: Base on Balls
|
|
Batting: RHB Harvey Wilkerson
|
0-0: Fly out, F3 (Popup, 34, EV 58.8 MPH)
|
|
Batting: LHB Jose Fernandez
|
0-0: Swinging Strike 0-1: Ball 1-1: Ball 2-1: Ball 3-1: SINGLE (Groundball, 56S, EV 69.4 MPH) (infield hit) Paulino Garcia to second
|
|
Batting: LHB Juan Villaescusa
|
0-0: Ball 1-0: Ball 2-0: Ball 3-0: Base on Balls Paulino Garcia to third Jose Fernandez to second
|
|
Batting: RHB Johnny Paredes
|
0-0: Ball 1-0: Called Strike 1-1: Called Strike 1-2: Ball 2-2: Ball 3-2: SINGLE (Groundball, 56, EV 105.0 MPH) Paulino Garcia scores Jose Fernandez to third Juan Villaescusa to second Runner from 3rd tries for Home, SAFE, throw by LF to home
|
|
Batting: RHB Jose Gomez
|
0-0: Ball 1-0: Fly out, F7 (Flyball, 78M, EV 90.0 MPH)
|
|
Batting: SHB John Kanter
|
0-0: Called Strike 0-1: Ball 1-1: Foul Ball, location: 2F 1-2: DOUBLE (Line Drive, 89D, EV 111.9 MPH) Juan Villaescusa scores Johnny Paredes to third Runner from 3rd tries for Home, SAFE, throw by RF to home
|
|
Batting: LHB John Yari
|
0-0: Called Strike 0-1: Foul Ball, location: 2F 0-2: SINGLE (Groundball, 56D, EV 106.3 MPH) John Kanter to third Runner from 3rd tries for Home, SAFE, throw by LF to home
|
|
Pitching: RHP Sam Nattile
|
|
|
Batting: RHB Guy Duhon
|
0-0: Ball 1-0: Foul Ball, location: 2F 1-1: Fielders Choice at 2nd, 6-4 (Groundball, 6, EV 102.5 MPH)
|
| Bottom of the 7th over - 5 runs, 4 hits, 0 errors, 1 left on base; Ogden 7 - Great Falls 14 |
| TOP OF THE 8TH |
|
Ogden Spikes batting - Pitching for Great Falls Voyagers : RHP Donald Fenton
|
|
Pinch Hitting: RHB Juan Nieto
|
0-0: Ball 1-0: Swinging Strike 1-1: Swinging Strike 1-2: Strikes out looking
|
|
Batting: RHB Joey Mackay
|
0-0: Ball 1-0: Called Strike 1-1: Ground out 4-3 (Groundball, 4S, EV 80.6 MPH)
|
|
Batting: RHB Terry Bell
|
0-0: Called Strike 0-1: Swinging Strike 0-2: Foul Ball, location: 2F 0-2: Ball 1-2: Ball 2-2: Foul Ball, location: 2F 2-2: Strikes out looking
|
| Top of the 8th over - 0 runs, 0 hits, 0 errors, 0 left on base; Ogden 7 - Great Falls 14 |
| BOTTOM OF THE 8TH |
|
Great Falls Voyagers batting - Pitching for Ogden Spikes : RHP Sam Nattile
|
|
Now at 2B: Juan Nieto
|
|
|
Batting: RHB Paulino Garcia
|
0-0: Ball 1-0: SINGLE (Groundball, 4MD, EV 102.5 MPH)
|
|
Batting: RHB Harvey Wilkerson
|
0-0: Called Strike 0-1: Ball 1-1: Ball 2-1: Ball 3-1: Base on Balls Paulino Garcia to second
|
|
Batting: LHB Jose Fernandez
|
0-0: Ball 1-0: Fly out, F8 (Line Drive, 8RM, EV 106.3 MPH)
|
|
Batting: LHB Juan Villaescusa
|
0-0: Ball 1-0: Ball 2-0: Ball Wild Pitch! Paulino Garcia to third Harvey Wilkerson to second 3-0: Called Strike 3-1: Foul Ball, location: 2F 3-2: Foul Ball, location: 2F 3-2: Ground out 4-3 (Groundball, 4, EV 89.4 MPH) Paulino Garcia scores Harvey Wilkerson to third
|
|
Batting: RHB Johnny Paredes
|
0-0: Called Strike 0-1: Swinging Strike 0-2: Foul Ball, location: 2F 0-2: Ball 1-2: Ground out 4-3 (Groundball, 34D, EV 86.9 MPH)
|
| Bottom of the 8th over - 1 run, 1 hit, 0 errors, 1 left on base; Ogden 7 - Great Falls 15 |
| TOP OF THE 9TH |
|
Ogden Spikes batting - Pitching for Great Falls Voyagers : RHP Donald Fenton
|
|
Pitching: LHP Pat Clements
|
|
|
Pinch Hitting: RHB Eric Garrett
|
0-0: Called Strike 0-1: Fly out, F8 (Flyball, 8LD, EV 101.9 MPH)
|
|
Pinch Hitting: RHB Steve Sproesser
|
0-0: Ball 1-0: Called Strike 1-1: Ball 2-1: Ball 3-1: Swinging Strike 3-2: Ground out 6-3 (Groundball, 6, EV 100.0 MPH)
|
|
Pinch Hitting: SHB Johnny Isaac
|
0-0: Ball 1-0: SINGLE (Line Drive, 78S, EV 108.8 MPH)
|
|
Pinch Hitting: RHB Kevin Stock
|
0-0: Fly out, F7 (Line Drive, 7, EV 101.9 MPH)
|
| Top of the 9th over - 0 runs, 1 hit, 0 errors, 1 left on base; Ogden 7 - Great Falls 15 |
|